 Dungeon Crawl Stone Soup version 0.19-a0-151-g039907c (webtiles) character file.

91 Kidiri the Charlatan (level 4, 0/25 HPs)
             Began as a Kobold Artificer on May 18, 2016.
             Slain by Purgy (2 damage)
             ... on level 3 of the Dungeon on May 19, 2016.
             The game lasted 00:09:25 (2998 turns).

Kidiri the Charlatan (Kobold Artificer)             Turns: 2998, Time: 00:09:27

Health: 0/25       AC:  4    Str:  9    XL:     4   Next: 87%
Magic:  7/7        EV: 21    Int: 10    God:
Gold:   61         SH:  0    Dex: 22    Spells: 0 memorised, 3 levels left

rFire  . . .     SeeInvis .     a - +0 short sword
rCold  . . .     Gourm    .     b - +0 leather armour
rNeg   . . .     Faith    .     (shield restricted)
rPois  .         Spirit   .     (no helmet)
rElec  .         Dismiss  .     (no cloak)
rCorr  .         Reflect  .     (no gloves)
SustAt .         Harm     .     (no boots)
MR     .....                    (no amulet)
Stlth  +++.......               (no ring)
                                j - +1 ring of protection

@: agile, not resistant to hostile enchantments, fairly stealthy
A: carnivore 3
a: no special abilities


You were on level 3 of the Dungeon.
You were completely stuffed.

You visited 1 branch of the dungeon, and saw 3 of its levels.

You collected 61 gold pieces.

Inventory:

Hand Weapons
 a - a +0 short sword (weapon)
Armour
 b - a +0 leather armour (worn)
 o - a +0 chain mail
Jewellery
 j - a +1 ring of protection (left hand)
Wands
 c - a wand of flame (6/48)
 d - a wand of enslavement (13/24)
 e - a wand of random effects (14/48)
Scrolls
 h - a scroll of remove curse {unknown}
 i - a scroll of noise {unknown}
 k - a scroll of magic mapping {unknown}
 m - 2 scrolls of identify
 n - 2 scrolls of enchant weapon {unknown}
Potions
 g - 2 potions of resistance
Comestibles
 f - a meat ration
 p - 3 chunks of flesh


   Skills:
 + Level 1.4 Fighting
 * Level 2.5 Short Blades
 * Level 1.1 Armour
 * Level 3.4 Dodging
 + Level 1.9 Stealth
 * Level 4.4 Evocations


You had 3 spell levels left.
You didn't know any spells.

Dungeon Overview and Level Annotations

Branches:
Dungeon (3/15)

Altars:
Makhleb
Qazlal
Sif Muna

Annotations:
D:3 Purgy


Innate Abilities, Weirdness & Mutations

You are small and have problems with some larger weapons.
You are carnivorous and can eat meat at any time.


Message History

Purgy bites you but does no damage. Purgy completely misses you.
Purgy barely misses you.
You hit Purgy.
Purgy is moderately wounded.
Evoke which item? (* to show all) (? for menu, Esc to quit)
Zapping:
c - a wand of flame (7/48)
Press: ? - help, Shift-Dir - straight line, f/p - Purgy
Aim: Purgy (moderately wounded)
The puff of flame hits Purgy.
Purgy is moderately wounded.
This wand has 6 charges left.
Purgy completely misses you. Purgy claws you. Purgy closely misses you.
You hit Purgy.
Purgy is heavily wounded.
Purgy bites you.
* * * LOW HITPOINT WARNING * * *
Purgy claws you.
* * * LOW HITPOINT WARNING * * *
Purgy claws you.
You die...

#......#
#########......#
######...##.........#
...
.....#.......#......#
..
...#.#....#.##......#
.
#..........#########
#........###
#..##..#T### #..
#...@..# ######
#.###.#....#
.....####.##..##...#
.....#........##.###
.....#.......##...
............## ....
............# .....
##.#........# .._...#
..........รท.#


You could see Purgy.

Vanquished Creatures
  3 adders
  A worm (D:2)
  4 giant geckos
  2 ball pythons (D:2)
  5 bats
  4 giant cockroaches (D:2)
  2 goblins (D:2)
  10 hobgoblins
  5 jackals
  3 giant newts (D:2)
  8 kobolds
  5 rats
52 creatures vanquished.

Vanquished Creatures (collateral kills)
  A worm (D:3)
  2 jackals (D:3)
3 creatures vanquished.

Vanquished Creatures (others)
  A hobgoblin (D:3)
  A goblin (D:1)
2 creatures vanquished.

Grand Total: 57 creatures vanquished

Notes
Turn   | Place    | Note
--------------------------------------------------------------
     0 | D:1      | Kidiri the Kobold Artificer began the quest for the Orb.
     0 | D:1      | Reached XP level 1. HP: 12/12 MP: 3/3
   344 | D:1      | Reached XP level 2. HP: 16/16 MP: 4/4
   802 | D:1      | Upgraded the game from 0.19-a0-147-g6f47703 to 0.19-a0-151-g039907c
   857 | D:2      | Reached skill level 4 in Evocations
   912 | D:2      | Reached XP level 3. HP: 14/20 MP: 6/6
  1597 | D:2      | Found a burning altar of Makhleb.
  1598 | D:2      | Found a deep blue altar of Sif Muna.
  1803 | D:2      | Reached XP level 4. HP: 12/25 MP: 7/7
  2732 | D:3      | Reached skill level 1 in Armour
  2902 | D:3      | Noticed Purgy
  2987 | D:3      | Found a stormy altar of Qazlal.
  2998 | D:3      | Slain by Purgy

Vault maps used:
D:1:      minmay_arrival_hallway, nrook_mini_backslash, minmay_liquid_box,
          monster_avoids_cloud
D:2:      gammafunk_temple_overflow_pools
D:3:      overflow_temple_1_default, lemuel_crystal_altar, lemuel_round_altar,
          first_bread, uniq_purgy

Skill      XL: |  1  2  3  4 |
---------------+-------------+-----
Short Blades   | 2 |  2.5
Evocations     | 4 |  4.4
Dodging        | 3 |  3.4
Armour         | 1 |  1.1
Fighting       | |  1.4
Stealth        | |  1.9

Action                   |  1- 3 |  4- 6 || total
-------------------------+-------+-------++-------
Melee: Short sword       |   121 |   104 ||   225
Evoke: Wand              |     5 |     7 ||    12
  Use: Potion            |       |     2 ||     2
       Scroll            |       |     1 ||     1
 Stab: Sleeping          |     3 |     2 ||     5
       Distracted        |     1 |       ||     1
  Eat: Chunk             |    11 |     4 ||    15
Armor: Leather armour    |    42 |    36 ||    78
Dodge: Dodged            |   107 |   163 ||   270
